 Dungeon Crawl Stone Soup version 0.31-a0-4-gefa6de2278 (webtiles) character file.

Game seed: 5631691436312669311

17 dracfodder the Trooper (level 2, 0/24 HPs)
             Began as a Demonspawn Berserker on May 3, 2023.
             Was a Follower of Trog.
             Slain by a giant cockroach (2 damage)
             ... on level 1 of the Dungeon.
             The game lasted 00:02:24 (246 turns).

dracfodder the Trooper (Demonspawn Berserker)        Turns: 246, Time: 00:02:25

Health: 0/24       AC:  2    Str: 17    XL:     2   Next: 44%
Magic:  2/2        EV: 14    Int:  8    God:    Trog [*.....]
Gold:   35         SH:  0    Dex: 12    Spells: 1/1 levels left

rFire   . . .        a - +0 falchion
rCold   . . .        (no shield)
rNeg    . . .        b - +0 animal skin
rPois   .            (no helmet)
rElec   .            (no cloak)
rCorr   .            (no gloves)
SInv    .            (no boots)
Will    .....        (no amulet)
Stlth   +            (no ring)
HPRegen 0.24/turn    (no ring)
MPRegen 0.08/turn

%: no passive effects
@: on berserk cooldown, slowed, very slow
A: repulsion field 1
a: Renounce Religion, Berserk


You were on level 1 of the Dungeon.
You worshipped Trog.
Trog was aware of your devotion.
You visited 1 branch of the dungeon, and saw 1 of its levels.

You collected 35 gold pieces.

Inventory:

Hand Weapons
 a - a +0 falchion (weapon)
Armour
 b - a +0 animal skin (worn)
Scrolls
 c - 2 scrolls of identify {unknown}


   Skills:
 + Level 3.3 Fighting
 + Level 3.0 Long Blades
 + Level 1.8 Armour
 + Level 2.1 Dodging


You had one spell level left.
You didn't know any spells.
Your spell library was empty.

Dungeon Overview and Level Annotations

Branches:
Dungeon (1/15)

Altars:


Innate Abilities, Weirdness & Mutations

You are surrounded by a mild repulsion field. (EV +2)


Message History

The bat hits you but does no damage. The giant cockroach barely misses you.
The rat misses you.
You see here a scroll labelled WUD WOIGYDDELAG.
The rat attacks as you move away! The rat bites you.
* * * LOW HITPOINT WARNING * * *
The bat hits you but does no damage. The giant cockroach misses you.
Unknown command.
The bat misses you. The bat closely misses you.
The giant cockroach attacks as you move away!
The giant cockroach closely misses you. The bat attacks as you move away!
The bat hits you but does no damage.
Found 16 gold pieces.
The bat hits you.
* * * LOW HITPOINT WARNING * * *
The giant cockroach closely misses you. The bat hits you but does no damage.
The giant cockroach closely misses you. The bat closely misses you.
The rat closely misses you. The bat attacks as you move away!
The bat barely misses you. x2
The giant cockroach misses you.
A bat comes into view.
The giant cockroach bites you but does no damage.
You aren't carrying any potions.
You barely miss the giant cockroach.
The giant cockroach is heavily wounded.
The giant cockroach misses you. x2
You hit the giant cockroach but do no damage.
The giant cockroach is heavily wounded.
The giant cockroach bites you but does no damage.
The bat hits you.
* * * LOW HITPOINT WARNING * * *
The giant cockroach bites you.
* * * LOW HITPOINT WARNING * * *
The bat closely misses you.
You hit the bat.
You kill the bat!
Trog accepts your kill.
The giant cockroach completely misses you.
The giant cockroach barely misses you.
You closely miss the giant cockroach.
The giant cockroach is moderately wounded.
The giant cockroach closely misses you. The giant cockroach bites you.
You die...

# # ###.### # ..... #
..... # ... $.. #.# #.#
######## #@# ##......#
#B# #
.#......########b##...
..............†.r.#.#.##
.............††)........
#.......#...#.†..[..#..#
#.......#.#.#..#.......#
#.[.....#.#...?#........
#)......................


You could see a giant cockroach, a bat and a rat.

Vanquished Creatures
  A dart slug (D:1)
  3 bats (D:1)
  A giant cockroach (D:1)
  A goblin (D:1)
  3 hobgoblins (D:1)
  3 ball pythons (D:1)
  2 kobolds (D:1)
14 creatures vanquished.

Notes
Turn   | Place    | Note
-------+----------+-------------------------------------------
     0 | D:1      | dracfodder the Demonspawn Berserker began the quest for the
                  | Orb.
     0 | D:1      | Reached XP level 1. HP: 18/18 MP: 1/1
    30 | D:1      | HP: 1/27 [hobgoblin (2)]
   160 | D:1      | Gained mutation: You are surrounded by a mild repulsion
                  | field. (EV +2) [demonic ancestry]
   160 | D:1      | Reached XP level 2. HP: 22/24 MP: 2/2
   236 | D:1      | HP: 1/24 [rat (2)]
   244 | D:1      | HP: 1/24 [giant cockroach (1)]
   246 | D:1      | Slain by a giant cockroach

Illustrated notes

Levels and vault maps discovered:
D:1:      saegor_arrival_miasma, layout_basic, minmay_tetromino_t4

Skill      XL: |  1  2 |
---------------+-------+-----
Dodging        | 2 |  2.1
Long Blades    | 3 |  3.0
Fighting       | |  3.3
Armour         | |  1.8

Action                     || total
---------------------------++-------
  Melee: Falchion          ||    39
         Punch             ||     1
 Invoke: Berserk           ||     2
 Armour: Animal skin       ||    13
  Dodge: Dodged            ||    45

Table legend: (Time is in decaauts)
 A = Elapsed time spent in this place.
 B = Non-inter-level travel time spent in this place.
 C = Inter-level travel time spent in this place.
 D = Time resting spent in this place.
 E = Time spent auto-exploring this place.
 F = Levels seen in this place.
 G = Mean time per level.
                   A        B        C        D        E       F      G
               +--------+--------+--------+--------+--------+-----+--------+
         Total |    261 |    261 |      0 |    103 |     23 |   1 |  261.0 |
       Dungeon |    261 |    261 |      0 |    103 |     23 |   1 |  261.0 |
               +--------+--------+--------+--------+--------+-----+--------+

Top non-repeatable levels by time:
     D:1: 261 daAuts
